PBL
CLEVELAND INDIANS @ BOSTON RED SOX
03/04/2071
 
TOP OF THE 1ST
Cleveland Indians batting - Pitching for Boston Red Sox : LHP Paul Crawford
Pitching: LHP Paul Crawford
Batting: LHB Bill Martínez 0-0: Foul Ball, location: 3F
0-1: Swinging Strike
0-2: Ball
1-2: Hit by Pitch
Batting: RHB Hubert Merritt 0-0: Foul Ball, location: 2F
0-1: Called Strike
0-2: DOUBLE (Line Drive, 78D, EV 103.1 MPH)
Bill Martínez to third
Batting: LHB Tony Locke 0-0: Ball
1-0: Called Strike
1-1: Ball
2-1: Ball
3-1: Base on Balls
Batting: RHB Mike Robinson 0-0: Swinging Strike
0-1: Ball
1-1: Swinging Strike
1-2: Strikes out swinging
Batting: LHB Harumi Sato 0-0: Called Strike
0-1: Hit by Pitch
Bill Martínez scores
Hubert Merritt to third
Tony Locke to second
Batting: SHB Adam Emery 0-0: Foul Ball, location: 9LMF
0-1: Called Strike
0-2: Ball
1-2: Strikes out swinging
Batting: LHB Jorge Morán 0-0: Fly out, F8 (Line Drive, 8RM, EV 91.9 MPH)
Top of the 1st over - 1 run, 1 hit, 0 errors, 3 left on base; Cleveland 1 - Boston 0
BOTTOM OF THE 1ST
Boston Red Sox batting - Pitching for Cleveland Indians : RHP Lúcio Robinson
Pitching: RHP Lúcio Robinson
Batting: RHB Ken Cooper 0-0: Ball
1-0: Ball
2-0: Called Strike
2-1: Ground out 6-3 (Groundball, 6, EV 105.6 MPH)
Batting: RHB Tony Pacheco 0-0: Fly out, F9 (Flyball, 89S, EV 94.4 MPH)
Batting: RHB Juan Mendoza 0-0: Ball
1-0: SOLO HOME RUN (Flyball, 78XD, EV 103.1 MPH), Distance : 421 ft
Batting: RHB Dwight Vogel 0-0: Foul Ball, location: 3DF
0-1: Ball
1-1: Swinging Strike
1-2: Ground out U3 (Groundball, 34, EV 104.4 MPH)
Bottom of the 1st over - 1 run, 1 hit, 0 errors, 0 left on base; Cleveland 1 - Boston 1
TOP OF THE 2ND
Cleveland Indians batting - Pitching for Boston Red Sox : LHP Paul Crawford
Batting: RHB Cheung Fang 0-0: Foul Ball, location: 3SF
0-1: Called Strike
0-2: Ball
1-2: Foul Ball, location: 2F
1-2: Ball
2-2: Ball
3-2: Foul Ball, location: 2F
3-2: Foul Ball, location: 2F
3-2: SINGLE (Line Drive, 7S, EV 109.4 MPH)
Batting: SHB Vince Smith 0-0: Swinging Strike
0-1: Called Strike
0-2: Ball
1-2: Ball
2-2: Foul Ball, location: 9LMF
2-2: Strikes out swinging
Batting: LHB Bill Martínez 0-0: Called Strike
0-1: Ball
1-1: Grounds into double play, 4-6-3 (Groundball, 4, EV 101.9 MPH)
Top of the 2nd over - 0 runs, 1 hit, 0 errors, 0 left on base; Cleveland 1 - Boston 1
BOTTOM OF THE 2ND
Boston Red Sox batting - Pitching for Cleveland Indians : RHP Lúcio Robinson
Pitching: RHP Erwin Casillas
Batting: RHB Norman Ruíz 0-0: Foul Ball, location: 5F
0-1: Called Strike
0-2: Ball
1-2: Ball
2-2: Strikes out swinging
Batting: RHB Damián Bojórquez 0-0: Fly out, F7 (Flyball, 7, EV 88.1 MPH)
Batting: LHB César Parra 0-0: Ball
1-0: SINGLE (Groundball, 34D, EV 105.0 MPH)
Batting: RHB José Garza 0-0: Called Strike
0-1: Called Strike
0-2: Strikes out swinging
Bottom of the 2nd over - 0 runs, 1 hit, 0 errors, 1 left on base; Cleveland 1 - Boston 1
TOP OF THE 3RD
Cleveland Indians batting - Pitching for Boston Red Sox : LHP Paul Crawford
Pitching: RHP Jamie Russell
Batting: RHB Hubert Merritt 0-0: Called Strike
0-1: Swinging Strike
0-2: Foul Ball, location: 2F
0-2: Fly out, F4 (Popup, 4, EV 67.5 MPH)
Batting: LHB Tony Locke 0-0: Called Strike
0-1: Swinging Strike
0-2: Fly out, F7 (Flyball, 78XD, EV 110.6 MPH)
Batting: RHB Mike Robinson 0-0: Ground out 6-3 (Groundball, 6, EV 98.8 MPH)
Top of the 3rd over - 0 runs, 0 hits, 0 errors, 0 left on base; Cleveland 1 - Boston 1
BOTTOM OF THE 3RD
Boston Red Sox batting - Pitching for Cleveland Indians : RHP Erwin Casillas
Batting: RHB Pedro Maldonado 0-0: Ball
1-0: SINGLE (Groundball, 6D, EV 106.3 MPH)
Batting: RHB Ken Cooper 0-0: Sac Bunt to 2L - play at first, batter OUT! 2-3
Pedro Maldonado to second
Batting: RHB Tony Pacheco 0-0: Foul Ball, location: 3F
0-1: Fly out, F7 (Line Drive, 78M, EV 90.0 MPH)
Batting: RHB Juan Mendoza 0-0: Swinging Strike
0-1: Ball
1-1: Foul Ball, location: 2F
1-2: Ball
2-2: Strikes out swinging
Bottom of the 3rd over - 0 runs, 1 hit, 0 errors, 1 left on base; Cleveland 1 - Boston 1
TOP OF THE 4TH
Cleveland Indians batting - Pitching for Boston Red Sox : RHP Jamie Russell
Pitching: RHP Bartolo Arredondo
Batting: LHB Harumi Sato 0-0: SINGLE (Line Drive, 89M, EV 105.0 MPH)
Batting: SHB Adam Emery 0-0: Foul Ball, location: 2F
0-1: Ball
1-1: Ball
2-1: Fielders Choice at 2nd, 3-6 (Groundball, 34, EV 84.4 MPH)
Batting: LHB Jorge Morán 0-0: Ball
1-0: SINGLE (Line Drive, 3D, EV 102.5 MPH)
Adam Emery to second
Batting: RHB Cheung Fang 0-0: Foul Ball, location: 2LF
0-1: Ball
1-1: Foul Ball, location: 2F
1-2: SINGLE (Line Drive, 7LS, EV 88.1 MPH)
Adam Emery to third
Jorge Morán to second
Batting: SHB Vince Smith 0-0: Swinging Strike
0-1: SINGLE (Line Drive, 6M, EV 99.4 MPH)
Adam Emery scores
Jorge Morán to third
Cheung Fang to second
Pinch Hitting: RHB Albin Gilbert 0-0: Called Strike
0-1: SINGLE (Line Drive, 6M, EV 96.3 MPH)
Jorge Morán scores
Cheung Fang to third
Vince Smith to second
Pinch Hitting: RHB Cisco Reyes 0-0: SINGLE (Groundball, 4, EV 101.3 MPH) (infield hit)
Cheung Fang scores
Vince Smith to third
Albin Gilbert to second
Pinch Hitting: RHB Ramón Murillo 0-0: Ball
1-0: Fielders Choice at 2nd, 4-6 (Groundball, 4M, EV 84.4 MPH)
Vince Smith scores
Albin Gilbert to third
Pitching: LHP Bill Bowen
Pinch Hitting: RHB Juan Galindo Pickoff Throw to First - Error! E1
Albin Gilbert scores
Ramón Murillo to second
0-0: Fly out, F9 (Flyball, 9S, EV 83.1 MPH)
Top of the 4th over - 5 runs, 6 hits, 1 error, 1 left on base; Cleveland 6 - Boston 1
BOTTOM OF THE 4TH
Boston Red Sox batting - Pitching for Cleveland Indians : RHP Erwin Casillas
Pitching: LHP John Tolis
Now at 2B: Juan Galindo
Now at SS: Albin Gilbert
Now in LF: Ramón Murillo
Now in CF: Wilber Lahoda
Now in RF: Jorge Morán
Batting: RHB Dwight Vogel 0-0: Foul Ball, location: 2F
0-1: Ball
1-1: Foul Ball, location: 2F
1-2: Ball
2-2: Ground out 2-3 (Groundball, 13S, EV 69.4 MPH)
Batting: RHB Norman Ruíz 0-0: Ball
1-0: Swinging Strike
1-1: SINGLE (Groundball, 5S, EV 64.4 MPH) (infield hit)
Batting: RHB Damián Bojórquez 0-0: Ball
1-0: Ball
2-0: Called Strike
2-1: Grounds into double play, 4-6-3 (Groundball, 4M, EV 98.1 MPH)
Bottom of the 4th over - 0 runs, 1 hit, 0 errors, 0 left on base; Cleveland 6 - Boston 1
TOP OF THE 5TH
Cleveland Indians batting - Pitching for Boston Red Sox : LHP Bill Bowen
Now at 1B: Naruhiko Kato
Now in LF: José Cruz
Now in CF: Arturo Torres
Now in RF: Greg Carson
Batting: LHB Harumi Sato 0-0: Ball
1-0: SINGLE (Groundball, 4MD, EV 109.4 MPH)
Pinch Hitting: RHB Gonzalo González 0-0: Called Strike
0-1: Called Strike
0-2: Ball
1-2: Strikes out swinging
Pinch Hitting: LHB Ralph Brunskill 0-0: Ball
1-0: Foul Ball, location: 3F
1-1: Called Strike
1-2: Strikes out swinging
Batting: RHB Gonzalo Mendoza 0-0: Foul Ball, location: 9LSF
0-1: Swinging Strike
0-2: Ball
1-2: Strikes out swinging
Top of the 5th over - 0 runs, 1 hit, 0 errors, 1 left on base; Cleveland 6 - Boston 1
BOTTOM OF THE 5TH
Boston Red Sox batting - Pitching for Cleveland Indians : LHP John Tolis
Pitching: LHP Mark Cox
Now at 3B: Gonzalo González
Now in RF: Ralph Brunskill
Batting: LHB César Parra 0-0: Foul Ball, location: 3FF
0-1: Ball
1-1: Fly out, F9 (Line Drive, 9, EV 100.0 MPH)
Batting: RHB José Garza 0-0: Fly out, F9 (Flyball, 89S, EV 88.1 MPH)
Batting: RHB Pedro Maldonado 0-0: Swinging Strike
0-1: Ball
1-1: DOUBLE (Flyball, 89D, EV 103.8 MPH)
Batting: SHB José Cruz 0-0: Ball
1-0: Swinging Strike
1-1: Foul Ball, location: 9LMF
1-2: Foul Ball, location: 3FF
1-2: Ball
2-2: Foul Ball, location: 23F
2-2: Ball
3-2: Foul Ball, location: 3FF
3-2: Foul Ball, location: 2F
3-2: Base on Balls
Batting: RHB Tony Pacheco 0-0: Fly out, F8 (Flyball, 8RM, EV 91.3 MPH)
Bottom of the 5th over - 0 runs, 1 hit, 0 errors, 2 left on base; Cleveland 6 - Boston 1
TOP OF THE 6TH
Cleveland Indians batting - Pitching for Boston Red Sox : LHP Bill Bowen
Pitching: LHP José Guzmán
Now at 3B: José García
Now at SS: Tracy Bryant
Batting: SHB Vince Smith 0-0: Ground out 4-3 (Groundball, 34D, EV 103.1 MPH)
Batting: RHB Albin Gilbert 0-0: Called Strike
0-1: Foul Ball, location: 2F
0-2: Ball
1-2: Strikes out looking
Batting: RHB Wilber Lahoda 0-0: Ground out 6-3 (Groundball, P, EV 85.0 MPH)
Top of the 6th over - 0 runs, 0 hits, 0 errors, 0 left on base; Cleveland 6 - Boston 1
BOTTOM OF THE 6TH
Boston Red Sox batting - Pitching for Cleveland Indians : LHP Mark Cox
Batting: RHB Greg Carson 0-0: Ball
1-0: Called Strike
1-1: Swinging Strike
1-2: Ball
2-2: Ball
3-2: Strikes out swinging
Batting: RHB Arturo Torres 0-0: Ball
1-0: Swinging Strike
1-1: Called Strike
1-2: Strikes out swinging
Batting: SHB Naruhiko Kato 0-0: Called Strike
0-1: Ball
1-1: Swinging Strike
1-2: Strikes out looking
Bottom of the 6th over - 0 runs, 0 hits, 0 errors, 0 left on base; Cleveland 6 - Boston 1
TOP OF THE 7TH
Cleveland Indians batting - Pitching for Boston Red Sox : LHP José Guzmán
Pitching: LHP Chris Gilbert
Now at 2B: Tracy Bryant
Now at SS: Gustavo Santos
Batting: RHB Ramón Murillo 0-0: Called Strike
0-1: Ball
1-1: Swinging Strike
1-2: Strikes out swinging
Batting: RHB Juan Galindo 0-0: Called Strike
0-1: Ball
1-1: Ball
2-1: Ball
3-1: Base on Balls
Batting: LHB Harumi Sato 0-0: Ball
1-0: Foul Ball, location: 7LSF
1-1: Ball
2-1: Foul Ball, location: 2F
2-2: Foul Ball, location: 2F
2-2: Ball
3-2: Strikes out swinging
Juan Galindo is caught stealing 2nd base 2-6
Batter strikes out.
Top of the 7th over - 0 runs, 0 hits, 0 errors, 0 left on base; Cleveland 6 - Boston 1
BOTTOM OF THE 7TH
Boston Red Sox batting - Pitching for Cleveland Indians : LHP Mark Cox
Pitching: RHP Bryan Booth
Now at C: Nathaniel Tomsett
Batting: RHB José García 0-0: Foul Ball, location: 2F
0-1: Foul Ball, location: 2F
0-2: Foul Ball, location: 2F
0-2: Strikes out looking
Batting: LHB César Parra 0-0: Swinging Strike
0-1: Called Strike
0-2: Strikes out swinging
Batting: SHB Tracy Bryant 0-0: Called Strike
0-1: Called Strike
0-2: Foul Ball, location: 7LMF
0-2: Ball
1-2: Strikes out swinging
Bottom of the 7th over - 0 runs, 0 hits, 0 errors, 0 left on base; Cleveland 6 - Boston 1
TOP OF THE 8TH
Cleveland Indians batting - Pitching for Boston Red Sox : LHP Chris Gilbert
Pitching: LHP Paul Martin
Batting: RHB Gonzalo González 0-0: Ball
1-0: Foul Ball, location: 2F
1-1: Foul Ball, location: 3SF
1-2: Foul Ball, location: 2F
1-2: SOLO HOME RUN (Flyball, 7D, EV 105.0 MPH), Distance : 393 ft
Batting: LHB Ralph Brunskill 0-0: SOLO HOME RUN (Flyball, 8LXD, EV 106.9 MPH), Distance : 446 ft
Batting: RHB Gonzalo Mendoza 0-0: Ball
1-0: Ball
2-0: Ground out 4-3 (Groundball, 4S, EV 68.1 MPH)
Batting: SHB Nathaniel Tomsett 0-0: Fly out, F9 (Flyball, 9, EV 93.8 MPH)
Batting: RHB Albin Gilbert 0-0: Ball
1-0: Ball
2-0: SINGLE (Line Drive, 6D, EV 103.8 MPH)
Batting: RHB Wilber Lahoda 0-0: Called Strike
0-1: Fly out, F4 (Popup, 4, EV 61.9 MPH)
Top of the 8th over - 2 runs, 3 hits, 0 errors, 1 left on base; Cleveland 8 - Boston 1
BOTTOM OF THE 8TH
Boston Red Sox batting - Pitching for Cleveland Indians : RHP Bryan Booth
Batting: RHB Gustavo Santos 0-0: Ball
1-0: Called Strike
1-1: Foul Ball, location: 9LSFF
1-2: Ball
2-2: Ball
3-2: Ground out 3-1 (Groundball, 34, EV 80.6 MPH)
Batting: SHB José Cruz 0-0: Called Strike
0-1: Foul Ball, location: 2F
0-2: Fly out, F4 (Popup, 4, EV 50.0 MPH)
Batting: LHB Howard Burton 0-0: Called Strike
0-1: Fly out, F5 (Popup, 5F, EV 75.6 MPH)
Bottom of the 8th over - 0 runs, 0 hits, 0 errors, 0 left on base; Cleveland 8 - Boston 1
TOP OF THE 9TH
Cleveland Indians batting - Pitching for Boston Red Sox : LHP Paul Martin
Pitching: RHP Maarten Buys
Batting: RHB Ramón Murillo 0-0: Foul Ball, location: 2F
0-1: Ball
1-1: Ball
2-1: Ball
3-1: DOUBLE (Line Drive, 78D, EV 108.1 MPH)
Batting: RHB Juan Galindo 0-0: Ground out 6-3 (Groundball, 6S, EV 88.1 MPH)
Ramón Murillo to third
Batting: LHB Harumi Sato 0-0: Called Strike
0-1: Ball
1-1: Foul Ball, location: 2F
1-2: Foul Ball, location: 7LDF
1-2: SINGLE (Line Drive, 7S, EV 91.9 MPH)
Ramón Murillo scores
Batting: RHB Gonzalo González 0-0: Called Strike
0-1: Called Strike
0-2: Ball
1-2: Foul Ball, location: 2F
1-2: Ball
2-2: Strikes out swinging
Batting: LHB Ralph Brunskill 0-0: Ball
Wild Pitch!
Harumi Sato to second
1-0: Foul Ball, location: 7LDF
1-1: Hit by Pitch
Batting: RHB Fedyenka Tiguntsev 0-0: Ball
1-0: Ball
2-0: Called Strike
2-1: Ball
3-1: Foul Ball, location: 9LMF
3-2: Fly out, F9 (Flyball, 89S, EV 72.5 MPH)
Top of the 9th over - 1 run, 2 hits, 0 errors, 2 left on base; Cleveland 9 - Boston 1
BOTTOM OF THE 9TH
Boston Red Sox batting - Pitching for Cleveland Indians : RHP Bryan Booth
Pitching: RHP Alonso Flores
Batting: RHB Greg Carson 0-0: Ball
1-0: Foul Ball, location: 7LMF
1-1: Ball
2-1: Ball
3-1: Ground out 4-3 (Groundball, 4M, EV 96.3 MPH)
Batting: RHB Arturo Torres 0-0: Foul Ball, location: 2F
0-1: Foul Ball, location: 2F
0-2: Ball
1-2: Ball
2-2: Foul Ball, location: 25FF
2-2: Ground out 6-3 (Groundball, 6, EV 89.4 MPH)
Batting: SHB Naruhiko Kato 0-0: Ground out U3 (Groundball, 3L, EV 87.5 MPH)
Bottom of the 9th over - 0 runs, 0 hits, 0 errors, 0 left on base; Cleveland 9 - Boston 1
Thursday, March 28th , 2024 - OOTP Baseball 24.10 Build 82